 Dungeon Crawl Stone Soup version 0.19-a0-1895-g783e625 (webtiles) character file.

15 Alarkh the Caller (level 2, 0/19 HPs)
             Began as a Mummy Summoner on Oct 18, 2016.
             Slain by an adder (4 damage)
             ... on level 2 of the Dungeon.
             The game lasted 00:02:45 (1340 turns).

Alarkh the Caller (Mummy Summoner)                  Turns: 1340, Time: 00:02:46

Health: 0/19       AC:  2    Str: 11    XL:     2   Next: 34%
Magic:  0/5        EV: 12    Int: 14    God:
Gold:   72         SH:  0    Dex: 12    Spells: 1 memorised, 5 levels left

rFire  x . .     SeeInvis .     (no weapon)
rCold  + . .     Gourm    .     a - +0 robe
rNeg   + + +     Faith    .     (no shield)
rPois  ∞         Spirit   .     (no helmet)
rElec  .         Reflect  .     (no cloak)
rCorr  .         Harm     .     (no gloves)
MR     .....                    (no boots)
Stlth  ++........               (no amulet)
                                (no ring)
                                c - ring of flight

@: no status effects
A: no food or potions, fire vulnerability, cold resistance 1, negative energy
resistance 3, torment resistance, unbreathing
a: Evoke Flight


You were on level 2 of the Dungeon.
You were not hungry.

You visited 1 branch of the dungeon, and saw 2 of its levels.

You collected 72 gold pieces.

Inventory:

Armour
 a - a +0 robe (worn)
Jewellery
 c - a ring of flight (left hand)
Scrolls
 d - 2 scrolls of random uselessness {unknown}
 e - a scroll of amnesia {unknown}
 f - 2 scrolls of teleportation {unknown}
 g - a scroll of remove curse {unknown}
Books
 b - a book of Callings

   Spells                             Type                      Level
   a - Summon Small Mammal            Summoning                    1
   b - Call Imp                       Summoning                    2
   c - Call Canine Familiar           Summoning                    3
   d - Summon Guardian Golem          Hexes/Summoning              3
   e - Summon Lightning Spire         Summoning/Air                4
   f - Summon Ice Beast               Ice/Summoning                4


   Skills:
 - Level 1.5 Dodging
 - Level 1.5 Stealth
 + Level 2.5 Spellcasting
 + Level 3.5 Summonings


You had 5 spell levels left.
You knew the following spells:

 Your Spells              Type           Power        Failure   Level  Hunger
a - Summon Small Mammal   Summ           ##..         6%          1    N/A

Dungeon Overview and Level Annotations

Branches:
Dungeon (2/15)

Altars:
Trog


Innate Abilities, Weirdness & Mutations

You do not eat or drink.
Your flesh is vulnerable to fire.
You are immune to poison.
Your flesh is cold resistant. (rC+)
You are immune to negative energy. (rN+++)
You are immune to unholy pain and torment.
You can survive without breathing.


Message History

Your bat barely misses the adder.
The adder bites you.
Unknown command.
You swap places.
Your bat hits the adder but does no damage.
The adder misses your bat.
You hit the adder but do no damage.
The adder is moderately wounded.
Your bat closely misses the adder.
Your bat hits the adder but does no damage.
The adder bites you.
Your rat barely misses the adder.
You hit the adder.
The adder is moderately wounded.
Your bat barely misses the adder.
The adder bites you but does no damage.
Your bat closely misses the adder.
The adder bites you.
* * * LOW HITPOINT WARNING * * *
Your rat misses the adder.
Casting: Summon Small Mammal
Confirm with . or Enter, or press ? or * to list all spells.
Your bat hits the adder. The adder bites you.
You die...

#= #. #.#
.. ##.###
....
#.#####.##
.....b.Sr#
#.#####r@#
##.# #..
##.. ..#
..# #># ##


You could see an adder, a friendly bat and 2 friendly rats.

Vanquished Creatures
  A kobold (D:1)
  A bat (D:1)
2 creatures vanquished.

Vanquished Creatures (collateral kills)
  A dart slug (D:1)
  3 leopard geckos (D:1)
  A bat (D:1)
  2 hobgoblins (D:1)
  2 frilled lizards (D:1)
  4 kobolds (D:1)
  A rat (D:1)
14 creatures vanquished.

Grand Total: 16 creatures vanquished

Notes
Turn   | Place    | Note
-------+----------+-------------------------------------------
     0 | D:1      | Alarkh the Mummy Summoner began the quest for the Orb.
     0 | D:1      | Reached XP level 1. HP: 13/13 MP: 3/3
   530 | D:1      | Reached XP level 2. HP: 14/19 MP: 3/5
  1259 | D:1      | Found a bloodstained altar of Trog.
  1340 | D:2      | Slain by an adder

Vault maps used:
D:1:      dpeg_arrival_lava_altar, nrook_mini_backslash, serial_park_tiny_pond,
          grunt_decor_cap
D:2:      uniq_natasha

Action                   || total
-------------------------++-------
Melee: Unarmed           ||    41
 Cast: Summon Small Mamm ||    42
 Abil: Evoke Flight      ||     1
 Stab: Sleeping          ||     1
Armor: Robe              ||    16
Dodge: Dodged            ||    37
